Map: Cosmic Sapphire

Players

Nina

  • Race: Protoss Protoss
  • Spawn Location: 5:00

Lambo - Winner!

  • Race: Zerg Zerg
  • Spawn Location: 11:00

Event: DreamHack SC2 Masters 2022 Atlanta (Offline)

VOD

Have the link to the VOD?

Description

Time

  • Played on: Nov. 18, 2022, 1:09 p.m.
  • Length: 12:57

All games in this series

Show
View Real Time Build Order
Export as new Build Order

Nina Protoss 

Build Orders: 1 Gate Expand, Oracle Opening 

Get SALT Encoding   

  12  0:03  Probe  
  13  0:16  Probe  
  13  0:21  Pylon  
  14  0:28  Probe (Chrono Boost)  
  15  0:40  Gateway, Probe (Chrono Boost)  
  16  0:48  Probe (Chrono Boost)  
  16  0:49  Assimilator  
  17  0:54  Probe  
  18  1:06  Probe  
  19  1:18  Probe  
  20  1:28  Nexus  
  20  1:36  Cybernetics Core  
  20  1:37  Probe  
  21  1:47  Assimilator  
  21  1:49  Probe  
  21  1:53  Pylon  
  22  2:02  Probe (Chrono Boost)  
  23  2:12  Adept  
  23  2:14  Probe (Chrono Boost)  
  26  2:22  Probe (Chrono Boost)  
  27  2:27  Stargate  
  27  2:28  Probe (Chrono Boost)  
  28  2:34  Warp Gate  
  28  2:40  Probe (Chrono Boost)  
  28  2:42  Adept  
  28  2:43  Probe (Chrono Boost)  
  32  2:48  Probe (Chrono Boost)  
  32  2:50  Probe (Chrono Boost)  
  34  2:55  Probe x2 (Chrono Boost)  
  36  3:06  Probe  
  36  3:07  Oracle (Chrono Boost)  
  36  3:09  Probe  
  41  3:15  Pylon  
  41  3:18  Probe  
  42  3:22  Probe  
  43  3:31  Probe  
  43  3:32  Pylon  
  43  3:33  Adept  
  43  3:34  Probe  
  45  3:39  Oracle (Chrono Boost)  
  48  3:43  Probe  
  48  3:46  Probe  
  50  3:52  Nexus  
  50  3:53  Pylon  
  50  3:55  Probe  
  51  3:58  Gateway  
  51  3:59  Probe  
  52  4:06  Twilight Council  
  52  4:11  Assimilator  
  52  4:12  Probe  
  52  4:13  Assimilator  
  52  4:17  Probe  
  54  4:23  Gateway  
  54  4:24  Probe  
  54  4:25  Stalker  
  54  4:29  Probe (Chrono Boost)  
  58  4:31  Gateway  
  58  4:37  Probe (Chrono Boost)  
  59  4:44  Blink  
  60  4:47  Probe (Chrono Boost)  
  60  4:48  Probe (Chrono Boost)  
  61  4:53  Probe (Chrono Boost)  
  61  4:54  Probe (Chrono Boost)  
  61  4:55  Stalker  
  61  4:56  Pylon  
  61  4:57  Stalker  
  67  5:04  Forge, Probe (Chrono Boost)  
  67  5:06  Probe (Chrono Boost)  
  70  5:08  Probe (Chrono Boost)  
  70  5:12  Shield Battery  
  70  5:16  Probe (Chrono Boost)  
  70  5:19  Stalker x2  
  77  5:22  Stalker  
  77  5:23  Probe x2 (Chrono Boost)  
  77  5:24  Probe (Chrono Boost)  
  80  5:29  Probe  
  80  5:30  Probe  
  80  5:33  Protoss Ground Weapons Level 1 (Chrono Boost)  
  80  5:35  Assimilator  
  78  5:37  Stalker  
  78  5:38  Gateway, Probe  
  81  5:43  Gateway  
  81  5:44  Probe x2  
  81  5:49  Stalker  
  85  5:56  Probe x3  
  85  6:00  Stalker x2  
  89  6:06  Assimilator  
  89  6:09  Stalker  
  89  6:10  Probe  
  92  6:15  Pylon x2  
  92  6:18  Pylon  
  92  6:19  Templar Archives  
  92  6:25  Nexus  
  92  6:38  Nexus  
  92  6:39  Stalker x3  
  98  6:41  Probe  
  98  6:42  Pylon  
  98  6:45  Stalker  
  101  6:47  Oracle  
  101  6:48  Probe x2  
  101  6:49  Pylon  
  101  6:50  Psionic Storm  
  101  6:51  Stalker  
  108  6:55  Probe, Stalker  
  108  7:00  Probe  
  112  7:03  Gateway  
  112  7:05  Probe  
  113  7:08  High Templar x2  
  113  7:11  Photon Cannon  
  113  7:13  Shield Battery  
  117  7:16  Gateway  
  117  7:22  High Templar  
  117  7:23  High Templar  
  117  7:28  Pylon  
  121  7:30  Gateway, Pylon  
  121  7:31  Probe  
  121  7:33  High Templar  
  121  7:34  Photon Cannon  
  121  7:35  Probe (Chrono Boost)  
  125  7:43  Probe (Chrono Boost)  
  127  7:44  Photon Cannon  
  127  7:45  Charge, Probe (Chrono Boost)  
  129  7:51  Protoss Ground Weapons Level 2 (Chrono Boost)  
  129  7:52  Probe x2 (Chrono Boost)  
  129  7:54  Probe (Chrono Boost), Assimilator  
  129  7:56  Probe x2 (Chrono Boost)  
  129  7:57  Assimilator  
  132  8:01  Robotics Facility  
  132  8:02  Probe  
  132  8:04  Zealot x2  
  137  8:11  Probe  
  137  8:12  Probe  
  136  8:20  High Templar  
  136  8:22  High Templar x2  
  136  8:24  Zealot x5  
  150  8:30  Photon Cannon, Pylon  
  150  8:32  Archon  
  150  8:33  Pylon  
  150  8:38  Gateway x2  
  150  8:41  Pylon  
  150  8:49  High Templar x2  
  150  8:50  Zealot  
  150  8:51  Zealot x2  
  150  8:53  High Templar x2  
  164  8:58  Gateway  
  164  8:59  Archon  
  164  9:00  Gateway  
  162  9:06  Gateway x2  
  162  9:08  High Templar x2, Pylon  
  166  9:13  Archon  
  166  9:19  Observer  
  166  9:22  Zealot x5  
  176  9:26  Robotics Facility  
  176  9:28  Zealot x2  
  180  9:33  Zealot x2  
  184  9:42  Zealot x2  
  184  9:43  Zealot x4  
  194  9:55  Zealot  
  194  9:56  Photon Cannon  
  194  9:57  Photon Cannon  
  196  10:06  Fleet Beacon  
  195  10:10  Photon Cannon  
  195  10:11  Photon Cannon, Pylon  
  173  10:38  Pylon  
  173  10:40  Pylon x2  
  173  10:42  Pylon  
  155  10:43  Pylon  
  144  10:52  Zealot x2  
  148  11:00  Immortal x2  
  154  11:08  High Templar x9  
  154  11:11  Probe (Chrono Boost)  
  167  11:14  Nexus, Archon  
  167  11:15  Archon x2  
  173  11:27  Zealot x2  
  153  11:41  Void Ray  
  153  11:43  Zealot x4  
  153  11:45  High Templar x3  
  161  11:47  Observer (Chrono Boost)  
  157  12:03  High Templar  
  147  12:40  Archon  
  121  12:55  High Templar x2  
Show
View Real Time Build Order
Export as new Build Order

Lambo Zerg - Winner!

Build Orders: Hatch First, Lurkers 

Get SALT Encoding   

  12  0:00  Drone  
  13  0:12  Overlord  
  13  0:17  Drone  
  14  0:30  Drone x2  
  16  0:47  Hatchery  
  15  0:50  Drone  
  15  0:54  Drone  
  17  0:57  Drone  
  18  1:08  Extractor  
  17  1:12  Spawning Pool  
  17  1:15  Drone  
  17  1:18  Drone  
  18  1:27  Drone  
  19  1:40  Drone  
  20  1:49  Drone  
  21  2:00  Queen  
  21  2:01  Zergling x2, Queen, Overlord  
  26  2:09  Metabolic Boost  
  26  2:10  Drone  
  26  2:11  Drone  
  28  2:21  Drone x2  
  30  2:32  Hatchery  
  30  2:34  Drone  
  30  2:37  Drone  
  30  2:42  Drone  
  30  2:43  Overlord  
  32  2:49  Queen  
  34  2:54  Zergling x4  
  36  3:01  Queen  
  36  3:04  Overlord  
  38  3:10  Drone  
  38  3:12  Drone x3  
  42  3:28  Spore Crawler  
  42  3:29  Queen  
  42  3:32  Overlord  
  44  3:34  Drone x2  
  44  3:35  Drone  
  44  3:36  Drone  
  44  3:39  Drone  
  44  3:40  Drone x2  
  51  3:46  Overlord  
  51  3:50  Overlord  
  51  3:54  Drone  
  51  3:59  Spore Crawler, Queen  
  51  4:01  Overlord  
  51  4:02  Drone x2  
  54  4:05  Drone, Evolution Chamber  
  54  4:09  Drone x2  
  56  4:11  Overlord  
  56  4:12  Drone  
  56  4:13  Drone  
  56  4:15  Drone  
  59  4:17  Drone x2  
  59  4:21  Drone  
  59  4:24  Drone  
  63  4:25  Drone  
  63  4:26  Drone  
  63  4:31  Zerg Melee Weapons Level 1  
  65  4:33  Drone  
  65  4:36  Drone  
  65  4:37  Drone x3  
  66  4:39  Drone  
  66  4:44  Drone  
  68  4:46  Drone  
  68  4:47  Drone x5  
  74  4:54  Hatchery  
  74  4:56  Queen  
  75  5:00  Baneling Nest  
  75  5:02  Zergling x4  
  75  5:03  Zergling x2  
  75  5:05  Spore Crawler, Drone  
  77  5:08  Drone  
  77  5:09  Drone  
  77  5:11  Zergling x4, Extractor x2  
  79  5:16  Lair  
  79  5:17  Drone x3  
  79  5:18  Drone x2  
  79  5:20  Drone x2  
  86  5:24  Spore Crawler  
  85  5:31  Drone x5  
  85  5:33  Drone  
  90  5:42  Queen  
  90  5:44  Queen  
  90  5:47  Zergling x4, Hatchery  
  94  5:50  Spore Crawler  
  92  5:57  Drone x3  
  92  5:58  Zergling x4  
  92  6:02  Overlord  
  92  6:03  Overlord  
  97  6:04  Overlord  
  97  6:06  Overlord  
  97  6:08  Drone x2  
  99  6:12  Zergling x10  
  99  6:16  Overlord  
  103  6:20  Queen x2, Overlord  
  103  6:21  Hydralisk Den  
  103  6:22  Overseer  
  106  6:26  Drone x4  
  106  6:29  Zergling x14  
  106  6:31  Drone  
  118  6:37  Zergling x2  
  118  6:41  Drone x8  
  118  6:42  Zerg Melee Weapons Level 2  
  118  6:43  Infestation Pit  
  118  6:45  Drone  
  118  6:46  Evolution Chamber  
  125  6:47  Spore Crawler  
  125  6:51  Zergling x10  
  127  6:54  Zergling x2  
  127  6:55  Zergling x2  
  127  6:59  Extractor  
  127  7:00  Zergling x8, Extractor  
  127  7:01  Extractor  
  130  7:02  Drone  
  130  7:07  Muscular Augments, Drone x2, Extractor  
  132  7:09  Overlord, Extractor  
  132  7:11  Overlord  
  132  7:13  Overlord  
  132  7:14  Overlord  
  131  7:17  Drone x5  
  131  7:20  Hive  
  131  7:21  Drone x4, Lurker Den  
  139  7:23  Zerg Missile Weapons Level 1  
  139  7:24  Drone  
  139  7:25  Drone  
  139  7:26  Drone  
  139  7:29  Drone x2  
  144  7:30  Overlord  
  144  7:35  Drone x3  
  147  7:40  Spine Crawler  
  147  7:42  Drone, Spine Crawler  
  147  7:43  Queen x3  
  152  7:46  Hydralisk  
  152  7:48  Hydralisk x2  
  158  7:52  Hydralisk x2  
  158  7:56  Hydralisk x3  
  168  8:01  Hydralisk x2  
  172  8:06  Hydralisk x3  
  172  8:12  Hydralisk x4  
  176  8:19  Extractor  
  182  8:21  Spine Crawler, Extractor  
  182  8:23  Baneling x3  
  180  8:27  Lurker x2  
  182  8:37  Lurker  
  182  8:38  Lurker x2  
  185  8:42  Drone  
  185  8:46  Seismic Spines  
  185  8:48  Drone x6  
  187  8:50  Spine Crawler  
  187  8:51  Drone x2  
  187  8:52  Spine Crawler  
  187  8:55  Spine Crawler  
  188  8:56  Lurker x2  
  190  9:03  Centrifugal Hooks  
  190  9:08  Zerg Ground Armor Level 1  
  190  9:09  Lurker  
  191  9:16  Overseer  
  191  9:17  Lurker x2  
  191  9:23  Lurker  
  193  9:29  Lurker x2  
  198  9:31  Zergling x6  
  198  9:33  Overlord  
  198  9:36  Spine Crawler, Overlord  
  198  9:37  Lurker x2, Spine Crawler  
  194  9:38  Baneling  
  194  9:46  Lurker x2  
  194  9:49  Zergling x10  
  194  10:02  Zergling x14  
  200  10:08  Adaptive Talons, Adrenal Glands  
  195  10:24  Hydralisk  
  195  10:25  Hydralisk  
  195  10:27  Overlord  
  198  10:34  Hydralisk x2  
  197  10:39  Zergling x10  
  196  10:47  Hydralisk x2  
  196  10:48  Zergling x26  
  197  11:03  Zergling x8  
  198  11:11  Spine Crawler  
  198  11:12  Spine Crawler  
  198  11:15  Lurker x2  
  198  11:16  Lurker x4  
  198  11:18  Baneling x7  
  200  11:24  Spine Crawler  
  200  11:25  Pneumatized Carapace, Spine Crawler  
  198  11:28  Baneling x10  
  192  11:36  Hydralisk x4  
  192  11:37  Zergling x16  
  198  11:42  Zergling x4  
  197  12:02  Hydralisk  
  197  12:03  Zergling x2  
  197  12:08  Spire  
  199  12:18  Zergling x2  
  199  12:19  Lurker  
  180  12:22  Overlord  
Tags
 
Add a new tag
Caveats
  • Supply blocks, unpowered buildings, or Contaminate may cause inaccurate times.
  • Supply counts are checked every 10 seconds.